 Dungeon Crawl Stone Soup version 0.28-a0-622-gbaef9634d7 (webtiles) character file.

Game seed: 11492071164112954014

52792 kae the Fighter (level 14, -10/129 HPs)
             Began as a Black Draconian Transmuter on Oct 7, 2021.
             Was a Priest of Ru.
             Killed by divine providence
             ... invoked by an orc priest
              (12 damage)
             ... on level 2 of the Orcish Mines.
             The game lasted 00:28:56 (33019 turns).

kae the Fighter (Black Draconian Transmuter)       Turns: 33019, Time: 00:28:56

Health: -10/129    AC: 16    Str: 16    XL:     14   Next: 28%
Magic:  23/23      EV: 16    Int: 16    God:    Ru [***...]
Gold:   1443       SH:  0    Dex: 17    Spells: 16/25 levels left

rFire   . . .      SeeInvis .   f - +2 short sword (venom)
rCold   . . .      Faith    .   (no shield)
rNeg    . . .      Spirit   .   (armour unavailable)
rPois   .          Reflect  .   (helmet restricted)
rElec   +          Harm     .   a - +2 cloak
rCorr   .          Rampage  .   (no gloves)
Will    +....                   h - +0 pair of boots
Stlth   +++++.....              (no amulet)
HPRegen 0.31/turn               b - +6 ring of dexterity
MPRegen 0.18/turn               y - +4 ring of protection

@: about to teleport, flying
A: breathe lightning, AC +8, unfitting armour, big wings, electricity
resistance, cold-blooded, inability to use devices, hated by all
a: Breathe Lightning, Renounce Religion, Draw Out Power


You were on level 2 of the Orcish Mines.
You worshipped Ru.
Ru was most pleased with you.
You visited 4 branches of the dungeon, and saw 21 of its levels.

You collected 1566 gold pieces.
You spent 123 gold pieces at shops.

Inventory:

Hand Weapons
 f - a +2 short sword of venom (weapon)
Missiles
 j - 4 throwing nets
Armour
 a - a +2 cloak (worn)
 h - a +0 pair of boots (worn)
Jewellery
 b - a +6 ring of dexterity (left hand)
 d - a ring of resist corrosion
 y - a +4 ring of protection (right hand)
 z - a +6 ring of strength
 C - a ring of ice
 G - a ring of poison resistance
Wands
 l - a wand of flame (52)
Scrolls
 c - 4 scrolls of enchant armour
 g - 3 scrolls of amnesia
 m - 7 scrolls of identify
 n - 3 scrolls of summoning
 p - 2 scrolls of magic mapping
 q - a scroll of teleportation
 D - a scroll of holy word
Potions
 e - 3 potions of degeneration
 i - 2 potions of mutation
 k - a potion of flight
 o - 2 potions of resistance
 r - a potion of invisibility
 s - 2 potions of attraction
 t - 7 potions of curing
 u - a potion of might
 x - 2 potions of lignification
 A - 2 potions of cancellation
 B - a potion of haste
 E - 2 potions of berserk rage {unknown}


   Skills:
 + Level 13.3 Fighting
 - Level 8.0 Dodging
 - Level 11.4 Stealth
 - Level 13.0 Unarmed Combat
 - Level 6.0 Spellcasting
 - Level 9.0 Transmutations
 - Level 5.0 Ice Magic
 - Level 3.0 Poison Magic


You had 16 spell levels left.
You knew the following spells:

 Your Spells              Type           Power      Damage    Failure   Level
a - Beastly Appendage     Tmut           66%        N/A       1%          1
b - Spider Form           Tmut/Pois      12%        N/A       3%          3
c - Ice Form              Ice/Tmut       27%        N/A       8%          4
d - Sting                 Tmut/Pois      96%        1d7       1%          1

Your spell library contained the following spells:

 Spells                   Type           Power      Damage    Failure   Level
 Wereblood                Tmut           33%        N/A       1%          2
 Ozocubu's Armour         Ice            20%        N/A       5%          3
 Ensorcelled Hibernation  Hex/Ice        24%        N/A       8%          2
 Poisonous Vapours        Pois/Air       18%        N/A       11%         2
 Scorch                   Fire           8%         2d5       21%         2
 Static Discharge         Conj/Air       4%         N/A       21%         2
 Olgreb's Toxic Radiance  Pois           14%        N/A       36%         4
 Dispel Undead            Necr           4%         3d7       80%         4
 Flame Wave               Conj/Fire      4%         3d3       80%         4
 Sticky Flame             Conj/Fire      4%         2d3       80%         4
 Metabolic Englaciation   Hex/Ice        6%         N/A       80%         5
 Iskenderun's Battlesphe  Conj           4%         2d6       98%         5
 Iron Shot                Conj/Erth      2%         9d2       100%        6
 Tukima's Dance           Hex            Unusable   N/A       N/A         3
 Summon Forest            Summ/Tloc      Unusable   N/A       N/A         5
 Summon Mana Viper        Hex/Summ       Unusable   N/A       N/A         5
 Simulacrum               Ice/Necr       Unusable   N/A       N/A         6
 Summon Cactus Giant      Summ           Unusable   N/A       N/A         6
 Spellforged Servitor     Conj/Summ      Unusable   N/A       N/A         7

Dungeon Overview and Level Annotations

Branches:
Dungeon (12/15)            Temple (1/1) D:6            Lair (6/6) D:8
 Shoals (0/4) Lair:3        Snake (0/4) Lair:2        Slime (0/5) Lair:5
    Orc (2/2) D:12            Elf (0/3) Orc:2

Altars:
Ashenzari
Cheibriados
Dithmenos
Elyvilon
Fedhas
Gozag
Hepliaklqana
Kikubaaqudgha
Makhleb
Nemelex Xobeh
Okawaru
Qazlal
Ru
Sif Muna
Trog
Uskayaw
Vehumet
Wu Jian
Xom
Yredelemnul
Zin
The Shining One

Shops:
D:4 *[?[

Annotations:
D:5 2 transporters, bmj180's ghost, novice HOFi
D:9 Erica
Lair:1 3 runed translucent doors, Nov Bun's ghost, journeyman MiFi; Pyheul's ghost, journeyman HOCA; whitenoisemaker's ghost, journeyman DEFE
Lair:6 2 runed translucent doors


Innate Abilities, Weirdness & Mutations

You can breathe wild blasts of lightning.
Your glossy black scales are hard. (AC +8)
You cannot fit into any form of body armour.
Your large and strong wings let you fly.
You are resistant to electric shocks. (rElec)
You are cold-blooded and may be slowed by cold attacks.
You cannot study or use magical devices.
You are hated by all.


Message History

The orc completely misses you.
The orc warlord roars a battlecry!
The orc goes into a battle-frenzy!
You warm up again.
Your +2 short sword of venom unmelds from your body.
Your +2 cloak unmelds from your body.
Your +0 pair of boots unmelds from your body.
Your +2 short sword of venom begins to drip with poison!
Your surroundings suddenly seem different. 12 orcs come into view.
The orc priest shouts! x2; The orc shouts!
The orc high priest shouts!
The orc priest shouts!
The orc shouts!
The orc warrior shouts!
The orc priest shouts!
You hear a shout!
The orc priest shouts!
An orc priest comes into view. It is wielding a +0 mace.
The orc priest shouts!
You hear a shout!
The orc wizard shouts!
Unknown command.
Unknown command.
You are too confused!
You feel better.
The orc shouts!
You hear a shout!
An orc priest comes into view. It is wielding a +0 dagger.
An orc priest comes into view. It is wielding a +0 hand axe.
An orc priest comes into view. It is wielding a +0 flail.
The orc hits you but does no damage.
The orc priest looks satisfied for a moment.
You hear a shout!
As you read the scroll of teleportation, it crumbles to dust.
You feel strangely unstable. The orc hits you but does no damage.
An orc wizard comes into view. It is wielding a +0 dagger.
The orc priest calls down the wrath of Beogh upon you.
Beogh smites you!
* * * LOW HITPOINT WARNING * * *
The orc priest invokes the aid of Beogh against you.
Beogh smites you!
* * * LOW HITPOINT WARNING * * *
The orc wizard begins to cast a spell, but is stunned by your conviction!
The orc barely misses you.
The orc priest mumbles some strange prayers to Beogh against you.
Beogh smites you!
You die...

***,,,,,,,,,########
##*##.......o..##.))))))
*#..*..........o#...#####
*....#.............##,,,,
*#...#.......o....##,,,,,
*.................*,,,,,,
*#.......o.o......*,,,,,,
*#∩....o...o......*,,,,,*
*.......@oo.......*,,,,**
*.....o.....o..o..*,,*,,*
*#....o.oo.......,,,,**,,
*#......o.o......,,,,*,,,
*.....o.......o..,,,,**,,
*................,*,,*,,*
*#...............,*,,,,**
*....o...o.......,*,,,,,*
*,...#.........#.,*,,,,,,


You could see an orc high priest, an orc warrior, 12 orc priests, 4 orc wizards
and 3 orcs.

Vanquished Creatures
  An orc warlord (Orc:1)
  2 catoblepae
  The ghost of Pugremor the Adept, a journeyman OpCj of Sif Muna (Lair:2)
  The ghost of Siem the Adept, a journeyman OpCj of Sif Muna (Lair:2)
  9 hydras
  A centaur warrior (D:11)
  A two-headed ogre (D:11)
  3 death yaks
  An orc high priest (Orc:2)
  A lindwurm (Lair:6)
  A deep elf pyromancer (D:12)
  An orc sorcerer (Orc:1)
  A manticore (D:11)
  2 centaur zombies
  6 elephants
  9 black mambas
  Maggie (D:9)
  3 gargoyles
  2 molten gargoyles (Lair:6)
  8 cane toads
  An unseen horror (D:10)
  2 rime drakes
  10 komodo dragons
  4 trolls
  3 polar bears
  9 blink frogs
  6 slime creatures (D:8)
  A snapping turtle (Lair:3)
  Sigmund (D:5)
  6 wyverns
  A water elemental (D:12)
  A wraith (D:9)
  39 yaks
  7 basilisks
  3 steam dragons (Lair:6)
  3 wargs
  5 hell hounds (Lair:6)
  14 water moccasins
  2 ice beasts
  2 black bears
  18 orc warriors
  6 ogres
  30 wolves
  20 centaurs
  2 kobold brigands
  8 bullfrogs
  A gnoll sergeant (D:9)
  3 scorpions
  A water moccasin zombie (D:5)
  3 wyvern skeletons
  6 killer bees (D:10)
  5 electric eels
  6 wights
  3 howler monkeys
  5 lava snakes (Lair:6)
  A bullfrog zombie (D:6)
  A centaur skeleton (D:5)
  2 gnoll shamans
  18 orc priests
  2 hounds (D:6)
  A jelly (D:6)
  Ijyb (D:3)
  2 iguanas (D:7)
  14 orc wizards
  6 hell rats (Lair:5)
  A scorpion zombie (D:4)
  A hound zombie (D:4)
  12 gnolls
  5 adders
  3 shadow imps
  2 adder zombies (D:4)
  An adder skeleton (D:4)
  3 worms (D:2)
  3 dart slugs
  59 orcs
  6 endoplasms
  2 giant cockroaches
  8 goblins
  12 hobgoblins
  5 quokkas
  3 ball pythons
  6 bats
  3 frilled lizards
  15 kobolds
  6 rats
496 creatures vanquished.

Vanquished Creatures (others)
  A cyclops (D:12)
  A cane toad (Lair:6)
  2 komodo dragons (Lair:6)
  A blink frog (Lair:5)
  A wolf (Lair:6)
  14 fungi
  12 plants
  8 withered plants
40 creatures vanquished.

Grand Total: 536 creatures vanquished

Notes
Turn   | Place    | Note
-------+----------+-------------------------------------------
     0 | D:1      | kae the Draconian Transmuter began the quest for the Orb.
     0 | D:1      | Reached XP level 1. HP: 16/16 MP: 3/3
   491 | D:1      | Reached XP level 2. HP: 23/23 MP: 3/5
  1800 | D:2      | Reached XP level 3. HP: 27/29 MP: 6/6
  2239 | D:2      | Found a faded altar of an unknown god.
  2626 | D:3      | Reached XP level 4. HP: 23/36 MP: 7/7
  2869 | D:3      | Noticed Ijyb
  2882 | D:3      | Killed Ijyb
  3280 | D:3      | Noticed an ice beast
  3292 | D:3      | Killed an ice beast
  3293 | D:3      | Reached XP level 5. HP: 3/45 MP: 8/8
  3302 | D:3      | Learned a level 3 spell: Spider Form
  3307 | D:3      | Learned a level 4 spell: Ice Form
  4052 | D:4      | Reached skill level 5 in Unarmed Combat
  4157 | D:4      | Reached skill level 1 in Ice Magic
  4157 | D:4      | Reached XP level 6. HP: 44/51 MP: 9/9
  4179 | D:4      | Reached skill level 1 in Poison Magic
  4427 | D:4      | Found Kuathyza's Armour Emporium.
  4912 | D:4      | Found a basalt altar of Yredelemnul.
  4980 | D:4      | Found Zaekaiq's Magic Scroll Boutique.
  4988 | D:4      | Bought a scroll of identify for 20 gold pieces
  4988 | D:4      | Bought a scroll of identify for 20 gold pieces
  4988 | D:4      | Bought a scroll of identify for 20 gold pieces
  4988 | D:4      | Bought a scroll of identify for 20 gold pieces
  4988 | D:4      | Bought a scroll of identify for 20 gold pieces
  5007 | D:4      | Your scales start taking on a glossy black colour.
  5007 | D:4      | Reached XP level 7. HP: 58/58 MP: 6/10
  5007 | D:4      | Gained mutation: You are resistant to electric shocks.
                  | (rElec) [Black Draconian growth]
  5060 | D:4      | Found Vitun's Assorted Antiques.
  5074 | D:4      | Bought a ruby potion for 23 gold pieces
  5098 | D:4      | Found a bloodstained altar of Trog.
  5320 | D:4      | Found Appa's Armour Emporium.
  5507 | D:5      | Entered Level 5 of the Dungeon
  5860 | D:5      | Noticed Sigmund
  5877 | D:5      | Killed Sigmund
  6109 | D:5      | Found a white marble altar of Elyvilon.
  6518 | D:5      | Found a transporter.
  6522 | D:5      | Noticed bmj180's ghost (novice HOFi)
  6586 | D:5      | Found a transporter.
  6706 | D:6      | Reached XP level 8. HP: 62/67 MP: 11/11
  6801 | D:6      | Found a staircase to the Ecumenical Temple.
  6824 | Temple   | Entered the Ecumenical Temple
  7333 | D:6      | Found a radiant altar of Vehumet.
  7364 | D:6      | Reached skill level 5 in Fighting
  7556 | D:6      | Found a broken altar of Ashenzari.
  7609 | D:6      | Reached skill level 5 in Transmutations
  7668 | D:6      | Found a sparkling altar of Nemelex Xobeh.
  8738 | D:7      | Reached XP level 9. HP: 68/74 MP: 8/12
  9026 | D:7      | Found a snail-covered altar of Cheibriados.
  9486 | D:7      | Found a shimmering blue altar of Sif Muna.
  9697 | D:8      | Reached skill level 5 in Ice Magic
  9788 | D:8      | Found an ancient bone altar of Kikubaaqudgha.
  9851 | D:8      | Found a staircase to the Lair.
 10644 | D:8      | Killed a large slime creature
 11136 | D:8      | Reached XP level 10. HP: 86/86 MP: 8/13
 11356 | D:9      | Found a sacrificial altar of Ru.
 11363 | D:9      | Became a worshipper of Ru the Awakened
 11510 | D:9      | Reached skill level 10 in Unarmed Combat
 11642 | D:9      | Noticed Maggie
 11962 | D:9      | Found a shadowy altar of Dithmenos.
 12290 | D:9      | Noticed Erica
 12420 | D:9      | Killed Maggie
 12899 | D:9      | Found a hazy altar of Hepliaklqana.
 13145 | D:9      | Gained mutation: You cannot study or use magical devices.
                  | [Ru sacrifice]
 13145 | D:9      | Reached * piety under Ru
 13145 | D:9      | Reached ** piety under Ru
 13266 | D:10     | Entered Level 10 of the Dungeon
 13473 | D:9      | Learned a level 1 spell: Sting
 13548 | D:10     | Found a blossoming altar of Fedhas.
 14473 | Lair:1   | Entered Level 1 of the Lair of Beasts
 14536 | Lair:1   | Found a runed translucent gate.
 14536 | Lair:1   | Found a runed translucent gate.
 14536 | Lair:1   | Found a runed translucent gate.
 14537 | Lair:1   | Noticed Pyheul's ghost (journeyman HOCA)
 14537 | Lair:1   | Noticed whitenoisemaker's ghost (journeyman DEFE)
 14538 | Lair:1   | Noticed Nov Bun's ghost (journeyman MiFi)
 14540 | Lair:1   | Noticed a black mamba
 14546 | Lair:1   | Killed a black mamba
 14547 | Lair:1   | Reached XP level 11. HP: 95/95 MP: 9/14
 14567 | Lair:1   | Noticed Nov Bun's ghost (journeyman MiFi)
 15073 | Lair:1   | Noticed a five-headed hydra
 15079 | Lair:1   | Killed a five-headed hydra
 15199 | Lair:1   | Noticed a five-headed hydra
 15208 | Lair:1   | Killed a five-headed hydra
 15920 | Lair:2   | Noticed a five-headed hydra
 15937 | Lair:2   | Killed a five-headed hydra
 16065 | Lair:2   | Noticed a six-headed hydra
 16073 | Lair:2   | Killed a six-headed hydra
 16282 | Lair:2   | Found a runed translucent gate.
 16284 | Lair:2   | Found a runed translucent gate.
 16285 | Lair:2   | Found a runed translucent gate.
 16287 | Lair:2   | Noticed Pugremor's ghost (journeyman OpCj)
 16287 | Lair:2   | Noticed Siem's ghost (journeyman OpCj)
 16994 | Lair:2   | Found a staircase to the Snake Pit.
 17371 | Lair:3   | Reached skill level 5 in Dodging
 17553 | Lair:2   | Killed Siem's ghost
 17557 | Lair:2   | Killed Pugremor's ghost
 18127 | Lair:3   | Reached skill level 10 in Fighting
 18196 | Lair:3   | Noticed a catoblepas
 18211 | Lair:3   | Killed a catoblepas
 18212 | Lair:3   | Reached XP level 12. HP: 92/106 MP: 11/15
 18732 | Lair:3   | Found a staircase to the Shoals.
 20194 | Lair:4   | Reached skill level 1 in Stealth
 21017 | Lair:5   | Noticed a death yak
 21025 | Lair:5   | Noticed a death yak
 21027 | Lair:5   | Noticed a death yak
 21030 | Lair:5   | Killed a death yak
 21061 | Lair:4   | Killed a death yak
 21123 | Lair:4   | Killed a death yak
 21124 | Lair:4   | Reached skill level 5 in Stealth
 21490 | Lair:5   | Noticed a catoblepas
 21506 | Lair:5   | Killed a catoblepas
 22100 | Lair:5   | Found a staircase to the Slime Pits.
 22203 | Lair:6   | Entered Level 6 of the Lair of Beasts
 22461 | Lair:6   | Reached XP level 13. HP: 83/113 MP: 13/16
 23391 | Lair:6   | Reached skill level 10 in Stealth
 25658 | Lair:6   | Gained mutation: You are hated by all. [Ru sacrifice]
 25658 | Lair:6   | Reached *** piety under Ru
 25710 | Lair:6   | Reached skill level 5 in Spellcasting
 26243 | Lair:6   | HP: 6/135 [poisoned by a black mamba]
 27195 | Lair:6   | Found a large runed translucent door.
 27195 | Lair:6   | Found a large runed translucent door.
 27483 | Lair:6   | Noticed a fire dragon
 28175 | D:11     | Found an iron altar of Okawaru.
 29397 | D:12     | Found a staircase to the Orcish Mines.
 29829 | D:12     | Gained mutation: Your large and strong wings let you fly.
                  | [Black Draconian growth]
 29829 | D:12     | Reached XP level 14. HP: 124/124 MP: 19/23
 31584 | Orc:1    | Entered Level 1 of the Orcish Mines
 31655 | Orc:2    | Entered Level 2 of the Orcish Mines
 31655 | Orc:2    | Found a staircase to the Elven Halls.
 31933 | Orc:2    | Noticed an orc warlord
 31984 | Orc:1    | Killed an orc warlord
 32596 | Orc:2    | Noticed an orc warlord
 33009 | Orc:2    | HP: 4/154 [orc warlord (7)]
 33010 | Orc:2    | HP: 1/154 [orc wizard/magic dart (4)]
 33019 | Orc:2    | HP: 2/129 [orc priest/divine providence (14)]
 33019 | Orc:2    | Killed from afar by an orc priest

Illustrated notes

Levels and vault maps discovered:
D:1:      lemuel_arrival_lava_pool, layout_basic, minmay_3d_cube
D:2:      layout_rooms, chequers_ecumenical_altar_simple_redux, chequers_avenue
D:3:      layout_loops_cross, uniq_ijyb
D:4:      layout_cave_pools, nicolae_yredelemnul_corpse_copse,
          trog_hazing_becter, serial_shops, shop, nicolae_shop_waterfront, shop,
          nicolae_shop_trees
D:5:      layout_basic, elyvilon_altar_5, gammafunk_ghost_mausoleum,
          uniq_sigmund
D:6:      layout_basic, mainiacjoe_overflow_brackets, nemelex_dance_club_becter,
          cheibrodos_ashenzari_chains, minmay_temple_entry_ruins
D:7:      layout_cave_pools, kennysheep_slug_shrine,
          mainiacjoe_overflow_alcove_2
D:8:      layout_loops_ring, amcnicky_altar_gilded, lair_entry_dummy,
          kennysheep_dice
D:9:      layout_stronghold, riverfiend_overflow_shadow_ancestor,
          lemuel_crystal_altar, uniq_maggie, uniq_erica
D:10:     layout_cross, fedhas_bush_and_centaur_altar
D:11:     layout_stronghold, kennysheep_okawaru_gauntlet
D:12:     layout_basic, david_orc_3
Temple:   compressed_dpeg_triangle_lava_temple
Lair:1:   layout_regular_city, gammafunk_ghost_cemetery
Lair:2:   layout_cave_pods, dummy_snake_entry, gammafunk_ghost_cemetery,
          serial_bayou_shore_b
Lair:3:   layout_regular_city, minmay_shoals_entry_hut,
          amcnicky_mini_pool_medium, grunt_megastairs_3
Lair:4:   layout_cave_pods
Lair:5:   layout_misc_corridors, dpeg_slime_entry_corner
Lair:6:   cheibrodos_lair_end_hotspot, layout_regular_city,
          gammafunk_lair_bear_cave
Orc:1:    layout_diamond_mine
Orc:2:    st_orc_mages, layout_caves, gauntlet_entry_generic

Skill      XL: |  1  2  3  4  5  6  7  8  9 10 11 12 13 14 |
---------------+-------------------------------------------+-----
Fighting       | 2 3 4 5 7 8 10 11 13 | 13.3
Unarmed Combat | 4 5 6 7 9 11 13 | 13.0
Transmutations | 3 4 5 6 8 9 |  9.0
Ice Magic      | 1 2 4 5 |  5.0
Poison Magic   | 1 2 3 |  3.0
Dodging        | 3 6 8 |  8.0
Stealth        | 8 11 | 11.4
Spellcasting   | 6 |  6.0

Action                   |  1- 3 |  4- 6 |  7- 9 | 10-12 | 13-15 || total
-------------------------+-------+-------+-------+-------+-------++-------
Melee: Unarmed           |    51 |    38 |   216 |   463 |   508 ||  1276
       Tailslap          |    22 |    10 |    10 |     3 |     3 ||    48
       Kick              |    14 |    17 |     2 |       |       ||    33
       Headbutt          |     5 |    15 |       |       |       ||    20
       Short sword       |    74 |    92 |    47 |    33 |    10 ||   256
       Punch             |       |     1 |     2 |     2 |     1 ||     6
 Cast: Beastly Appendage |    24 |    12 |     1 |       |       ||    37
       Spider Form       |       |     8 |    23 |     2 |       ||    33
       Ice Form          |       |       |    16 |    58 |    54 ||   128
       Sting             |       |       |       |    30 |    13 ||    43
Invok: Sacrifice Artific |       |       |       |     1 |       ||     1
       Reject Sacrifices |       |       |       |     1 |     1 ||     2
       Sacrifice Love    |       |       |       |       |     1 ||     1
       Draw Out Power    |       |       |       |       |     1 ||     1
 Abil: Breathe Lightning |       |       |     1 |       |       ||     1
Evoke: Wand              |       |       |     3 |       |       ||     3
  Use: Scroll            |     6 |     3 |     9 |     6 |     7 ||    31
       Potion            |       |     2 |       |     2 |     6 ||    10
 Stab: Sleeping          |       |     2 |       |       |     6 ||     8
       Invisible         |       |       |       |     4 |    13 ||    17
       Distracted        |       |       |       |     1 |     6 ||     7
       Petrified         |       |       |       |     2 |       ||     2
       Paralysed         |       |       |       |       |     1 ||     1
Armor: Skin              |    50 |    44 |    46 |   164 |   240 ||   544
Dodge: Dodged            |    82 |    63 |   201 |   346 |   499 ||  1191

Table legend: (Time is in decaauts)
 A = Elapsed time spent in this place.
 B = Non-inter-level travel time spent in this place.
 C = Inter-level travel time spent in this place.
 D = Time resting spent in this place.
 E = Time spent auto-exploring this place.
 F = Levels seen in this place.
 G = Mean time per level.
                   A        B        C        D        E       F      G
               +--------+--------+--------+--------+--------+-----+--------+
         Total |  32827 |  31821 |   1006 |   4255 |  23849 |  21 | 1563.2 |
       Dungeon |  17545 |  16983 |    562 |   1982 |  12848 |  12 | 1462.1 |
        Temple |    437 |    433 |      4 |      0 |    406 |   1 |  437.0 |
          Lair |  13438 |  13042 |    396 |   1680 |  10126 |   6 | 2239.7 |
  Orcish Mines |   1405 |   1362 |     43 |    593 |    468 |   2 |  702.5 |
               +--------+--------+--------+--------+--------+-----+--------+

Top non-repeatable levels by time:
  Lair:6: 4131 daAuts
  Lair:5: 2721 daAuts
     D:9: 2188 daAuts
  Lair:2: 2003 daAuts
    D:11: 1884 daAuts
  Lair:4: 1697 daAuts
     D:8: 1695 daAuts
     D:1: 1693 daAuts
     D:3: 1658 daAuts
    D:12: 1572 daAuts
  Lair:1: 1478 daAuts
     D:4: 1459 daAuts
     D:6: 1453 daAuts
  Lair:3: 1406 daAuts
     D:7: 1091 daAuts
